 Dungeon Crawl Stone Soup version 0.30.2 (webtiles) character file.

Game seed: 12165655177070123388

5920 jra the Cleaver (level 10, -4/89 HPs)
             Began as a Minotaur Berserker on Mar 28, 2024.
             Was an Elder of Trog.
             Slain by a yak (11 damage)
             ... on level 1 of the Lair of Beasts on Apr 4, 2024.
             The game lasted 00:57:17 (8439 turns).

jra the Cleaver (Minotaur Berserker)                Turns: 8439, Time: 00:57:17

Health: -4/89      AC:  8    Str: 25    XL:     10   Next: 53%
Magic:  9/9        EV: 17    Int:  6    God:    Trog [****..]
Gold:   534        SH:  0    Dex:  6    Spells: 9/9 levels left

rFire   . . .        v - +5 hand axe "Kyg Eruh" {freeze, rC+}
rCold   + . .        (no shield)
rNeg    + . .        d - +1 leather armour {rN+}
rPois   +            (helmet restricted)
rElec   .            (no cloak)
rCorr   .            (no gloves)
SInv    .            (no boots)
Will    ++...        (no amulet)
Stlth   +++          c - ring of Paranoia {rPois AC+4 Dex-3 Slay+6 Stlth+}
HPRegen 1.34/turn    q - +5 ring of evasion
MPRegen 0.11/turn

%: no passive effects
@: strong-willed, regenerating
A: horns 2, retaliatory headbutt
a: Renounce Religion, Berserk, Trog's Hand, Brothers in Arms


You were on level 1 of the Lair of Beasts.
You worshipped Trog.
Trog was greatly pleased with you.
You visited 3 branches of the dungeon, and saw 10 of its levels.

You collected 534 gold pieces.

Inventory:

Hand Weapons
 a - a +2 hand axe of venom
 f - a +0 dagger
 g - a +0 short sword
 i - a +0 spear
 j - a +0 club
 k - a +0 dagger
 p - a +0 dagger
 s - a +0 sling
 v - the +5 hand axe "Kyg Eruh" (weapon) {freeze, rC+}
   (You found it on level 2 of the Dungeon)

   rC:        It protects you from cold.
 F - a +2 mace of draining
 H - a +1 hand axe of flaming
 I - a +2 falchion of holy wrath
 J - a +2 hand axe of flaming
 K - a +2 hand axe of electrocution
 Q - a +0 battleaxe
 R - a +3 halberd
Missiles
 n - 82 stones (quivered)
Armour
 b - a +0 animal skin
 d - a +1 leather armour of positive energy (worn)
 e - a +0 leather armour
 h - a +0 ring mail
 A - a +0 cloak
 T - an orb of wrath
Magical Staves
 V - a staff of earth
Jewellery
 c - the ring of Paranoia (left hand) {rPois AC+4 Dex-3 Slay+6 Stlth+}
   (You acquired it on level 1 of the Dungeon)

   [ring of protection]

   AC:        It affects your AC (+4).
   Dex:       It affects your dexterity (-3).
   Slay:      It affects your accuracy & damage with ranged weapons and melee
   (+6).
   rPois:     It protects you from poison.
   Stlth:     It makes you more stealthy.
 q - a +5 ring of evasion (right hand)
 C - a +6 ring of intelligence
 U - a ring of willpower
Wands
 E - a wand of mindburst (46)
 O - a wand of paralysis (13)
 S - a wand of flame (8)
 W - a wand of polymorph (2)
 X - a wand of digging (4)
Scrolls
 m - 6 scrolls of identify
 o - 2 scrolls of brand weapon
 y - 2 scrolls of enchant weapon
 B - 5 scrolls of teleportation {unknown}
 M - 2 scrolls of noise
 P - a scroll of torment {unknown}
 Y - a scroll of magic mapping {unknown}
Potions
 l - a potion of ambrosia
 r - 4 potions of brilliance {unknown}
 t - 2 potions of flight {unknown}
 u - 6 potions of resistance {unknown}
 w - a potion of haste {unknown}
 x - 4 potions of curing
 z - a potion of might {unknown}
 D - 2 potions of mutation {unknown}
 G - 3 potions of lignification {unknown}
 L - a potion of heal wounds {unknown}
 N - a potion of degeneration {unknown}


   Skills:
 + Level 8.3 Fighting
 + Level 12.3 Axes
 + Level 6.6 Armour
 + Level 7.6 Dodging
 + Level 6.1 Stealth


You had 9 spell levels left.
You didn't know any spells.
Your spell library contained the following spells:

 Spells                   Type           Power      Damage    Failure   Level
 Apportation              Tloc           0%         N/A       50%         1
 Sublimation of Blood     Necr           0%         N/A       63%         2
 Gell's Gravitas          Tloc           0%         N/A       86%         3
 Inner Flame              Hex/Fire       0%         N/A       86%         3
 Teleport Other           Tloc           0%         N/A       86%         3
 Vampiric Draining        Necr           0%         2d6       86%         3
 Animate Dead             Necr           0%         N/A       99%         4
 Dispel Undead            Necr           0%         3d6       99%         4
 Flame Wave               Conj/Fire      0%         2d4       99%         4
 Olgreb's Toxic Radiance  Pois           0%         N/A       99%         4
 Petrify                  Tmut/Erth      0%         N/A       99%         4
 Sticky Flame             Conj/Fire      0%         2d3       99%         4
 Alistair's Intoxication  Tmut/Pois      0%         N/A       100%        5
 Irradiate                Conj/Tmut      0%         3d11      100%        5
 Dispersal                Tloc           0%         N/A       100%        6
 Borgnjor's Revivificati  Necr           0%         N/A       100%        8
 Discord                  Hex            0%         N/A       100%        8
 Ignition                 Fire           0%         3d3       100%        8


Dungeon Overview and Level Annotations

Branches:
Dungeon (8/15)             Temple (1/1) D:6            Lair (1/5) D:8

Altars:
Cheibriados
Dithmenos
Elyvilon
Fedhas
Gozag
Kikubaaqudgha
Makhleb
Okawaru
Qazlal
Ru
Sif Muna
Trog
Uskayaw
Wu Jian
Zin
The Shining One

Shops:
D:6 :[*


Innate Abilities, Weirdness & Mutations

You have a pair of horns on your head.
You reflexively headbutt those who attack you in melee.


Message History

A bullfrog comes into view.
The yak closely misses you. x2; The yak misses you.
The yak closely misses you.
You slash the yak! You freeze the yak.
The yak is moderately wounded.
You slash the yak! You freeze the yak. You slash the yak! You freeze the yak.
You slash the yak! You freeze the yak. You slash the yak! You freeze the yak.
The yak gores you. x2; The yak gores you!
The yak closely misses you. The yak gores you.
You slash the yak! You freeze the yak. You headbutt the yak.
You kill the yak!
Trog accepts your kill.
You slash the yak! You freeze the yak. You hit the yak. You freeze the yak.
You slash the yak! You freeze the yak. You hit the yak. You freeze the yak.
The yak gores you. The yak completely misses you. The yak gores you.
The yak barely misses you. The yak gores you!
You hit the yak. You freeze the yak.
The yak is moderately wounded.
You hit the yak. You freeze the yak. You slash the yak! You freeze the yak.
You hit the yak but do no damage. You hit the yak. You freeze the yak.
You hit the yak. You freeze the yak. The yak misses you.
You furiously retaliate!
You headbutt the yak. The yak gores you but does no damage.
The yak gores you. x3
The yak completely misses you.
Your skin crawls.
You feel strong-willed. The yak closely misses you. You furiously retaliate!
You headbutt the yak. The yak gores you but does no damage.
The yak gores you. x2
The yak closely misses you. x2; The yak gores you.
* * * LOW HITPOINT WARNING * * *
Unknown command.
You feel better. The yak barely misses you. You furiously retaliate!
You headbutt the yak! The yak gores you!
* * * LOW HITPOINT WARNING * * *
The yak gores you!
* * * LOW HITPOINT WARNING * * *
The yak closely misses you. You furiously retaliate!
You headbutt the yak!!
You kill the yak!
Trog accepts your kill. The yak gores you!
You die...

.....##...#.#..^....###
#....###.###...♣..?.###
#....##.♣.#.............
#....#.....#............
...#..♣.>....♣.>.♣..♣...
..##.#.....#...........
..##.##.♣.##..........
†#....##.####..♣YY###
......#.... ##.Y@YF.#
......#....# ##†YY.....#
.....#..^.## ##YYY♣...+
........## ##......#
.......#.# .......
......#### ###...#
...#### #.## ...# ##


You could see 9 yaks and a bullfrog.

Vanquished Creatures
  2 cane toads (Lair:1)
  3 komodo dragons (Lair:1)
  A polar bear (Lair:1)
  A wyvern (D:6)
  4 yaks (Lair:1)
  Eustachio (D:6)
  A steam dragon (D:7)
  Duvessa (D:5)
  6 water moccasins
  An orc warrior (D:7)
  5 wolves (Lair:1)
  2 ogres (D:5)
  A black bear (D:7)
  A centaur (D:8)
  A phantom (D:6)
  A kobold brigand (D:7)
  A bullfrog (D:7)
  4 scorpions
  4 wights (D:7)
  Dowan (D:5)
  5 killer bees (D:7)
  A howler monkey (D:6)
  3 hounds
  A jelly (D:4)
  A gnoll bouda (D:5)
  7 orc priests
  A sleepcap (D:5)
  5 iguanas
  3 orc wizards
  7 adders
  9 gnolls (D:5)
  A white imp (D:7)
  A worm (D:2)
  A dart slug (D:3)
  41 orcs
  6 ball pythons
  3 bats
  10 endoplasms
  4 giant cockroaches
  8 goblins
  7 hobgoblins
  7 jackals
  5 quokkas
  6 frilled lizards
  13 kobolds
  4 rats (D:1)
202 creatures vanquished.

Vanquished Creatures (collateral kills)
  Grum (Lair:1)
  A wolf (Lair:1)
2 creatures vanquished.

Grand Total: 204 creatures vanquished

Notes
Turn   | Place    | Note
-------+----------+-------------------------------------------
     0 | D:1      | jra the Minotaur Berserker began the quest for the Orb.
     0 | D:1      | Reached XP level 1. HP: 19/19 MP: 0/0
   105 | D:1      | Got the Codex of Cadavers
   150 | D:1      | Reached XP level 2. HP: 16/27 MP: 1/1
   348 | D:1      | Reached skill level 4 in Axes
   443 | D:1      | Reached ** piety under Trog
   447 | D:1      | Reached XP level 3. HP: 33/34 MP: 2/2
   780 | D:1      | Identified a scroll of acquirement
   780 | D:1      | Acquired the ring of Paranoia {rPois AC+4 Dex-3 Slay+6
                  | Stlth+}
  1532 | D:2      | Identified the +5 hand axe "Kyg Eruh" {freeze, rC+}
  2197 | D:3      | Reached XP level 4. HP: 41/41 MP: 3/3
  2590 | D:3      | Found a faded altar of an unknown god.
  2710 | D:3      | Reached skill level 5 in Axes
  3366 | D:4      | Reached skill level 5 in Fighting
  3366 | D:4      | Reached skill level 1 in Stealth
  3366 | D:4      | Reached XP level 5. HP: 40/48 MP: 4/4
  3592 | D:4      | Found an iron altar of Okawaru.
  3717 | D:4      | Reached *** piety under Trog
  3764 | D:4      | Found a sacrificial altar of Ru.
  3924 | D:4      | Reached XP level 6. HP: 55/56 MP: 5/5
  4526 | D:5      | Entered Level 5 of the Dungeon
  4577 | D:5      | Found a shadowy altar of Dithmenos.
  4614 | D:5      | Reached skill level 6 in Axes
  4806 | D:5      | Reached XP level 7. HP: 61/61 MP: 6/6
  5011 | D:5      | Reached skill level 7 in Axes
  5202 | D:5      | Noticed Dowan
  5210 | D:5      | Noticed Duvessa
  5213 | D:5      | Killed Dowan
  5218 | D:5      | Killed Duvessa
  5603 | D:6      | Reached XP level 8. HP: 70/70 MP: 7/7
  5603 | D:6      | Reached **** piety under Trog
  5612 | D:6      | Found Kigoukek's Book Shoppe.
  5834 | D:6      | Found Gily Im Seann's Assorted Antiques.
  5864 | D:6      | Found Ikyzuugh's Armour Boutique.
  5872 | D:6      | Noticed Eustachio
  5878 | D:6      | Reached skill level 8 in Axes
  5897 | D:6      | Killed Eustachio
  5898 | D:6      | Reached skill level 5 in Dodging
  5996 | D:6      | Reached skill level 5 in Armour
  6102 | D:6      | Found a staircase to the Ecumenical Temple.
  6119 | Temple   | Entered the Ecumenical Temple
  6566 | D:7      | Reached skill level 9 in Axes
  6580 | D:7      | Reached XP level 9. HP: 38/78 MP: 8/8
  7062 | D:7      | Found a burning altar of Makhleb.
  7284 | D:7      | Reached skill level 10 in Axes
  7415 | D:7      | Reached skill level 5 in Stealth
  7714 | D:8      | Reached ***** piety under Trog
  7804 | D:8      | Found a staircase to the Lair.
  7834 | Lair:1   | Entered Level 1 of the Lair of Beasts
  7835 | Lair:1   | Noticed a cane toad
  7841 | Lair:1   | Noticed a polar bear
  7844 | Lair:1   | Killed a cane toad
  7851 | Lair:1   | Killed a polar bear
  7852 | Lair:1   | Reached skill level 11 in Axes
  7966 | Lair:1   | Noticed a komodo dragon
  7979 | Lair:1   | Noticed Grum
  7980 | Lair:1   | Killed a komodo dragon
  7981 | Lair:1   | Reached XP level 10. HP: 54/88 MP: 9/9
  7985 | Lair:1   | Killed Grum
  8158 | Lair:1   | Noticed a cane toad
  8168 | Lair:1   | Killed a cane toad
  8256 | Lair:1   | Reached skill level 12 in Axes
  8439 | Lair:1   | Slain by a yak

Illustrated notes

Levels and vault maps discovered:
D:1:      lightli_arrival_statuegarden, layout_rooms, kennysheep_minor_cross,
          minmay_liquid_box
D:2:      mumra_celtic_spiral_tile, layout_basic
D:3:      layout_loops_corners, dreamdust_ecumenical_altar_grove
D:4:      layout_cave_pods, old_standard_altar, mainiacjoe_overflow_tiny_flanked
D:5:      layout_basic, nicolae_dithmenos_shadow_blocks, uniq_duvessa
D:6:      layout_cave_pools, temple_statues, serial_shops,
          nicolae_shop_back_alley_shop, shop, nicolae_shop_gaudy_bauble,
          nicolae_shop_advertising_works [nicolae_subvault_shop_adworks],
          grunt_ministairs_9, uniq_eustachio
D:7:      layout_loops_ring, makhleb_heckhound_becter,
          chequers_serial_rivers_marsh
D:8:      layout_gridville, chequers_temple_overflow_minitemple,
          lair_entry_dummy
Temple:   hellmonk_temple_two_chambers
Lair:1:   layout_misc_corridors, grunt_forest_large_clearing_hut,
          grunt_megastairs_3, serial_bayou_shore_a, lemuel_fruit_fields,
          uniq_grum

Skill      XL: |  1  2  3  4  5  6  7  8  9 10 |
---------------+-------------------------------+-----
Fighting       | 4 5 6 7 8 |  8.3
Axes           | 4 5 6 7 9 11 12 | 12.3
Armour         | 3 4 5 6 |  6.6
Stealth        | 1 2 3 4 5 6 |  6.1
Dodging        | 3 4 5 6 7 |  7.6

Action                     |  1- 3 |  4- 6 |  7- 9 | 10-12 || total
---------------------------+-------+-------+-------+-------++-------
  Melee: Hand axe          |    91 |    77 |   123 |    59 ||   350
         Headbutt          |    10 |    16 |    23 |    22 ||    71
         Punch             |       |     1 |     1 |     3 ||     5
 Invoke: Trog's Hand       |       |       |       |     1 ||     1
         Brothers in Arms  |       |       |       |     1 ||     1
    Use: Scroll            |     7 |       |       |       ||     7
         Potion            |     2 |       |       |     1 ||     3
   Stab: Sleeping          |       |     4 |     7 |       ||    11
 Armour: Leather armour    |    27 |    16 |    37 |    11 ||    91
  Dodge: Dodged            |    65 |    58 |   154 |    53 ||   330
